| TOP OF THE 1ST |
|
Stockton Mariners batting - Pitching for Reno Silver Sox : RHP Jeff Dedmon
|
|
Pitching: RHP Jeff Dedmon
|
|
|
Batting: LHB Ricky Nelson
|
0-0: DOUBLE (Flyball, 8LXD, EV 107.5 MPH)
|
|
Batting: LHB David Lanning
|
0-0: Foul Ball, location: 2F 0-1: Ball Passed Ball! Ricky Nelson to third 1-1: Ball 2-1: Ball 3-1: Fly out, F8 (Line Drive, 8RD, EV 95.0 MPH) Runner from 3rd tags up, SCORES, no throw by CF
|
|
Batting: SHB Eddie Tanner
|
0-0: Called Strike 0-1: Ball 1-1: Called Strike 1-2: Ball 2-2: Ball 3-2: Foul Ball, location: 2F 3-2: Fly out, F3 (Popup, 3SF, EV 86.3 MPH)
|
|
Batting: LHB David Cawthon
|
0-0: Called Strike 0-1: Ground out 4-3 (Groundball, 4MD, EV 87.5 MPH)
|
| Top of the 1st over - 1 run, 1 hit, 0 errors, 0 left on base; Stockton 1 - Reno 0 |
| BOTTOM OF THE 1ST |
|
Reno Silver Sox batting - Pitching for Stockton Mariners : RHP Joe McClain
|
|
Pitching: RHP Joe McClain
|
|
|
Batting: RHB Lemmie Miller
|
0-0: Called Strike 0-1: Ball 1-1: Called Strike 1-2: Ball 2-2: Ball 3-2: Base on Balls
|
|
Batting: RHB Rod Hobbs
|
0-0: Called Strike 0-1: Ball 1-1: Called Strike Lemmie Miller is caught stealing 2nd base 2-4 1-2: Ground out 5-3 (Groundball, 56, EV 107.5 MPH)
|
|
Batting: LHB Victor Diaz
|
0-0: Swinging Strike 0-1: Ball 1-1: Ball 2-1: Fly out, F7 (Flyball, 7LD, EV 99.4 MPH)
|
| Bottom of the 1st over - 0 runs, 0 hits, 0 errors, 0 left on base; Stockton 1 - Reno 0 |
| TOP OF THE 2ND |
|
Stockton Mariners batting - Pitching for Reno Silver Sox : RHP Jeff Dedmon
|
|
Batting: RHB Orlando Mercado
|
0-0: Ball 1-0: Ball 2-0: Foul Ball, location: 2F 2-1: Swinging Strike 2-2: Foul Ball, location: 2F 2-2: Foul Ball, location: 2F 2-2: Foul Ball, location: 2F 2-2: Foul Ball, location: 2F 2-2: Ball 3-2: Strikes out looking
|
|
Batting: LHB Joe Perna
|
0-0: Ball 1-0: Called Strike 1-1: Fly out, F9 (Flyball, 9LM, EV 101.9 MPH)
|
|
Batting: LHB Harold Perkins
|
0-0: Ball 1-0: Ball 2-0: Called Strike 2-1: DOUBLE (Line Drive, 89D, EV 103.1 MPH)
|
|
Batting: LHB Victor Gavidia
|
0-0: Foul Ball, location: 2F 0-1: Foul Ball, location: 2F 0-2: Foul Ball, location: 2F 0-2: Ball 1-2: Ball 2-2: Ball 3-2: SINGLE (Line Drive, 4MD, EV 95.0 MPH) Harold Perkins to third Harold Perkins scores
|
|
Batting: RHB Brian Greer
|
0-0: Ball 1-0: Called Strike 1-1: Fielders Choice at 2nd, 5-4 (Groundball, 5, EV 85.6 MPH)
|
| Top of the 2nd over - 1 run, 2 hits, 0 errors, 1 left on base; Stockton 2 - Reno 0 |
| BOTTOM OF THE 2ND |
|
Reno Silver Sox batting - Pitching for Stockton Mariners : RHP Joe McClain
|
|
Batting: LHB Mike Hocutt
|
0-0: Reached on error, E6 (Groundball, 6, EV 106.9 MPH)
|
|
Batting: RHB Luis Cabanas
|
0-0: Ball 1-0: Ball 2-0: Grounds into double play, 4-6-3 (Groundball, 4M, EV 88.1 MPH)
|
|
Batting: LHB Kevin Rigby
|
0-0: Called Strike 0-1: Called Strike 0-2: Ball 1-2: Ball 2-2: Ball 3-2: Base on Balls
|
|
Batting: LHB Gregory Shirley
|
0-0: Ball 1-0: Called Strike 1-1: Ball 2-1: Ball 3-1: Base on Balls Kevin Rigby to second
|
|
Batting: LHB Andrew Timko
|
0-0: Called Strike 0-1: Ball 1-1: Foul Ball, location: 2F 1-2: Foul Ball, location: 2F 1-2: Foul Ball, location: 2F 1-2: Ball 2-2: Foul Ball, location: 2F 2-2: Ground out 4-3 (Groundball, 4, EV 88.1 MPH)
|
| Bottom of the 2nd over - 0 runs, 0 hits, 1 error, 2 left on base; Stockton 2 - Reno 0 |
| TOP OF THE 3RD |
|
Stockton Mariners batting - Pitching for Reno Silver Sox : RHP Jeff Dedmon
|
|
Batting: LHB Ricky Nelson
|
0-0: Ball 1-0: Fly out, F7 (Flyball, 7LM, EV 108.1 MPH)
|
|
Batting: LHB David Lanning
|
0-0: Ball 1-0: DOUBLE (Line Drive, 7LM, EV 93.8 MPH)
|
|
Batting: SHB Eddie Tanner
|
0-0: Ball 1-0: Called Strike 1-1: Foul Ball, location: 2F 1-2: Ground out 3-1 (Groundball, 34, EV 105.0 MPH) David Lanning to third
|
|
Batting: LHB David Cawthon
|
0-0: Ball 1-0: Called Strike 1-1: Swinging Strike 1-2: Strikes out looking
|
| Top of the 3rd over - 0 runs, 1 hit, 0 errors, 1 left on base; Stockton 2 - Reno 0 |
| BOTTOM OF THE 3RD |
|
Reno Silver Sox batting - Pitching for Stockton Mariners : RHP Joe McClain
|
|
Batting: RHB Emilio Perez
|
0-0: SINGLE (Line Drive, 78M, EV 105.0 MPH)
|
|
Batting: RHB Lemmie Miller
|
0-0: Ball 1-0: Fly out, F9 (Flyball, 9LS, EV 90.0 MPH)
|
|
Batting: RHB Rod Hobbs
|
0-0: Called Strike 0-1: Ball Emilio Perez steals 2nd base 1-1: Ball 2-1: SINGLE (Line Drive, 89S, EV 85.6 MPH) Emilio Perez to third Runner from 3rd tries for Home, SAFE, throw by RF to home Rod Hobbs to second
|
|
Batting: LHB Victor Diaz
|
0-0: Foul Ball, location: 2F 0-1: Fly out, F8 (Flyball, 78M, EV 91.9 MPH)
|
|
Batting: LHB Mike Hocutt
|
0-0: Swinging Strike 0-1: Ball 1-1: Ground out 5-3 (Groundball, 56, EV 110.0 MPH)
|
| Bottom of the 3rd over - 1 run, 2 hits, 0 errors, 1 left on base; Stockton 2 - Reno 1 |
| TOP OF THE 4TH |
|
Stockton Mariners batting - Pitching for Reno Silver Sox : RHP Jeff Dedmon
|
|
Batting: RHB Orlando Mercado
|
0-0: Called Strike 0-1: Foul Ball, location: 2F 0-2: Foul Ball, location: 2F 0-2: SINGLE (Groundball, 5S, EV 65.6 MPH) (infield hit)
|
|
Batting: LHB Joe Perna
|
0-0: Fielders Choice at 2nd, 4-6 (Groundball, 34, EV 90.0 MPH)
|
|
Batting: LHB Harold Perkins
|
0-0: Fielders Choice at 2nd, 4-6 (Groundball, 34, EV 85.0 MPH)
|
|
Batting: LHB Victor Gavidia
|
0-0: Called Strike 0-1: Ball 1-1: Swinging Strike 1-2: Ball Pickoff Throw to First - Error! E1 Harold Perkins to second 2-2: Ball 3-2: SINGLE (Line Drive, 78S, EV 94.4 MPH) Harold Perkins to third Harold Perkins scores
|
|
Batting: RHB Brian Greer
|
0-0: Ball 1-0: Ball 2-0: Called Strike 2-1: Called Strike 2-2: Fly out, F7 (Flyball, 7D, EV 106.9 MPH)
|
| Top of the 4th over - 1 run, 2 hits, 1 error, 1 left on base; Stockton 3 - Reno 1 |
| BOTTOM OF THE 4TH |
|
Reno Silver Sox batting - Pitching for Stockton Mariners : RHP Joe McClain
|
|
Batting: RHB Luis Cabanas
|
0-0: Called Strike 0-1: Fly out, F5 (Line Drive, 5, EV 67.5 MPH)
|
|
Batting: LHB Kevin Rigby
|
0-0: Called Strike 0-1: Called Strike 0-2: Foul Ball, location: 2F 0-2: Ball 1-2: DOUBLE (Line Drive, 78D, EV 108.8 MPH)
|
|
Batting: LHB Gregory Shirley
|
0-0: Called Strike 0-1: Fly out, F8 (Flyball, 8RD, EV 95.0 MPH) Runner from 2nd tags up, SAFE at 3rd with throw by CF
|
|
Batting: LHB Andrew Timko
|
0-0: Called Strike 0-1: Called Strike 0-2: Ball 1-2: Fly out, F8 (Flyball, 8LM, EV 93.8 MPH)
|
| Bottom of the 4th over - 0 runs, 1 hit, 0 errors, 1 left on base; Stockton 3 - Reno 1 |
| TOP OF THE 5TH |
|
Stockton Mariners batting - Pitching for Reno Silver Sox : RHP Jeff Dedmon
|
|
Batting: LHB Ricky Nelson
|
0-0: Fly out, F9 (Flyball, 9S, EV 86.9 MPH)
|
|
Batting: LHB David Lanning
|
0-0: Ball 1-0: Called Strike 1-1: Called Strike 1-2: Foul Ball, location: 2F 1-2: Foul Ball, location: 2F 1-2: Ground out 5-3 (Groundball, 5, EV 88.8 MPH)
|
|
Batting: SHB Eddie Tanner
|
0-0: Foul Ball, location: 2F 0-1: Ground out 6-3 (Groundball, 6, EV 106.9 MPH)
|
| Top of the 5th over - 0 runs, 0 hits, 0 errors, 0 left on base; Stockton 3 - Reno 1 |
| BOTTOM OF THE 5TH |
|
Reno Silver Sox batting - Pitching for Stockton Mariners : RHP Joe McClain
|
|
Batting: RHB Emilio Perez
|
0-0: Ball 1-0: Ball 2-0: Foul Ball, location: 2F 2-1: Ground out 5-3 (Groundball, 56S, EV 60.6 MPH)
|
|
Batting: RHB Lemmie Miller
|
0-0: Ball 1-0: Ball 2-0: Ball 3-0: Base on Balls
|
|
Batting: RHB Rod Hobbs
|
0-0: Ball 1-0: Ball 2-0: TRIPLE (Flyball, 89XD, EV 113.8 MPH) Lemmie Miller scores
|
|
Batting: LHB Victor Diaz
|
0-0: Ball 1-0: Ball 2-0: Ball 3-0: Base on Balls
|
|
Batting: LHB Mike Hocutt
|
0-0: Swinging Strike 0-1: Ball 1-1: SINGLE (Groundball, 34D, EV 97.5 MPH) Rod Hobbs scores Victor Diaz to second Runner from 2nd tries for 3rd, SAFE, throw by RF made to third
|
|
Batting: RHB Luis Cabanas
|
0-0: Fly out, F8 (Flyball, 8LD, EV 87.5 MPH) Runner from 3rd tags up, OUT at HOME! 8-2
|
| Bottom of the 5th over - 2 runs, 2 hits, 0 errors, 1 left on base; Stockton 3 - Reno 3 |
| TOP OF THE 6TH |
|
Stockton Mariners batting - Pitching for Reno Silver Sox : RHP Jeff Dedmon
|
|
Batting: LHB David Cawthon
|
0-0: Foul Ball, location: 2F 0-1: Foul Ball, location: 2F 0-2: SOLO HOME RUN (Flyball, 8LXD, EV 91.3 MPH), Distance : 448 ft
|
|
Batting: RHB Orlando Mercado
|
0-0: Ball 1-0: Fly out, F8 (Flyball, 78D, EV 83.1 MPH)
|
|
Batting: LHB Joe Perna
|
0-0: Ball 1-0: Called Strike 1-1: Called Strike 1-2: Ball 2-2: Ground out U3 (Groundball, 3, EV 108.1 MPH)
|
|
Batting: LHB Harold Perkins
|
0-0: Foul Ball, location: 2F 0-1: Ball 1-1: Foul Ball, location: 2F 1-2: Foul Ball, location: 2F 1-2: Ball 2-2: Ball 3-2: Foul Ball, location: 2F 3-2: Foul Ball, location: 2F 3-2: Base on Balls
|
|
Batting: LHB Victor Gavidia
|
0-0: Ball Harold Perkins steals 2nd base 1-0: Foul Ball, location: 2F 1-1: Foul Ball, location: 2F 1-2: Ground out U3 (Groundball, 3L, EV 104.4 MPH)
|
| Top of the 6th over - 1 run, 1 hit, 0 errors, 1 left on base; Stockton 4 - Reno 3 |
| BOTTOM OF THE 6TH |
|
Reno Silver Sox batting - Pitching for Stockton Mariners : RHP Joe McClain
|
|
Batting: LHB Kevin Rigby
|
0-0: Ball 1-0: Ground out 5-3 (Groundball, 56, EV 101.9 MPH)
|
|
Batting: LHB Gregory Shirley
|
0-0: Swinging Strike 0-1: Called Strike 0-2: Ball 1-2: Ball 2-2: Ball 3-2: Base on Balls
|
|
Batting: LHB Andrew Timko
|
0-0: Ball 1-0: Ball 2-0: Ball 3-0: Base on Balls Gregory Shirley to second
|
|
Batting: RHB Emilio Perez
|
0-0: Called Strike 0-1: Fly out, F7 (Flyball, 7, EV 93.1 MPH)
|
|
Batting: RHB Lemmie Miller
|
0-0: Foul Ball, location: 2F 0-1: Called Strike 0-2: Ball 1-2: Strikes out swinging
|
| Bottom of the 6th over - 0 runs, 0 hits, 0 errors, 2 left on base; Stockton 4 - Reno 3 |
| TOP OF THE 7TH |
|
Stockton Mariners batting - Pitching for Reno Silver Sox : RHP Jeff Dedmon
|
|
Batting: RHB Brian Greer
|
0-0: Ball 1-0: Ball 2-0: Ball 3-0: Base on Balls
|
|
Batting: LHB Ricky Nelson
|
0-0: Ball 1-0: Called Strike 1-1: Fielders Choice at 2nd, 4-6 (Groundball, 4, EV 79.4 MPH)
|
|
Batting: LHB David Lanning
|
0-0: Foul Ball, location: 2F 0-1: Ball 1-1: Called Strike 1-2: Ball 2-2: Fly out, F9 (Flyball, 89D, EV 81.3 MPH)
|
|
Batting: SHB Eddie Tanner
|
0-0: Ball Ricky Nelson is caught stealing 2nd base 2-6
|
| Top of the 7th over - 0 runs, 0 hits, 0 errors, 0 left on base; Stockton 4 - Reno 3 |
| BOTTOM OF THE 7TH |
|
Reno Silver Sox batting - Pitching for Stockton Mariners : RHP Joe McClain
|
|
Batting: RHB Rod Hobbs
|
0-0: DOUBLE (Line Drive, 9LS, EV 98.8 MPH)
|
|
Batting: LHB Victor Diaz
|
0-0: Ball 1-0: Called Strike 1-1: Ball 2-1: Ground out U3 (Groundball, 34S, EV 88.1 MPH) Rod Hobbs to third
|
|
Batting: LHB Mike Hocutt
|
0-0: Ground out 6-3 (Groundball, 6, EV 90.0 MPH)
|
|
Batting: RHB Luis Cabanas
|
0-0: Fly out, F4 (Flyball, 34D, EV 88.1 MPH)
|
| Bottom of the 7th over - 0 runs, 1 hit, 0 errors, 1 left on base; Stockton 4 - Reno 3 |
| TOP OF THE 8TH |
|
Stockton Mariners batting - Pitching for Reno Silver Sox : RHP Jeff Dedmon
|
|
Batting: SHB Eddie Tanner
|
0-0: Called Strike 0-1: Foul Ball, location: 2F 0-2: Foul Ball, location: 2F 0-2: Ball 1-2: Ground out 1-3 (Groundball, 13S, EV 65.6 MPH)
|
|
Batting: LHB David Cawthon
|
0-0: Called Strike 0-1: Ball 1-1: Ball 2-1: DOUBLE (Line Drive, 3D, EV 97.5 MPH)
|
|
Batting: RHB Orlando Mercado
|
0-0: Ball 1-0: Called Strike 1-1: Ball 2-1: Ground out 6-3 (Groundball, P, EV 78.8 MPH) David Cawthon to third
|
|
Batting: LHB Joe Perna
|
0-0: 2-RUN HOME RUN (Flyball, 7LD, EV 103.8 MPH), Distance : 362 ft
|
|
Pitching: RHP Bob Bastian
|
|
|
Batting: LHB Harold Perkins
|
0-0: Swinging Strike 0-1: Swinging Strike 0-2: Ball 1-2: Ground out 4-3 (Groundball, 4, EV 79.4 MPH)
|
| Top of the 8th over - 2 runs, 2 hits, 0 errors, 0 left on base; Stockton 6 - Reno 3 |
| BOTTOM OF THE 8TH |
|
Reno Silver Sox batting - Pitching for Stockton Mariners : RHP Joe McClain
|
|
Batting: LHB Kevin Rigby
|
0-0: Foul Ball, location: 2F 0-1: Ball 1-1: Called Strike 1-2: Foul Ball, location: 2F 1-2: Ball 2-2: Foul Ball, location: 2F 2-2: Ground out 6-3 (Groundball, 6, EV 80.6 MPH)
|
|
Batting: LHB Gregory Shirley
|
0-0: Ball 1-0: Ball 2-0: Ball 3-0: Base on Balls
|
|
Batting: LHB Andrew Timko
|
0-0: Fielders Choice at 2nd, 6-4 (Groundball, 56, EV 86.9 MPH)
|
|
Batting: RHB Emilio Perez
|
0-0: Foul Ball, location: 2F 0-1: Ball 1-1: Called Strike 1-2: Ball 2-2: Foul Ball, location: 2F 2-2: SINGLE (Flyball, 89S, EV 93.8 MPH) Andrew Timko to second Runner from 2nd tries for 3rd, SAFE, throw by CF made to third
|
|
Pitching: LHP Robert Alsup
|
|
|
Batting: RHB Lemmie Miller
|
0-0: Ball 1-0: Called Strike 1-1: Ball 2-1: Ball 3-1: Foul Ball, location: 2F 3-2: Fly out, F9 (Flyball, 9LS, EV 90.0 MPH)
|
| Bottom of the 8th over - 0 runs, 1 hit, 0 errors, 2 left on base; Stockton 6 - Reno 3 |
| TOP OF THE 9TH |
|
Stockton Mariners batting - Pitching for Reno Silver Sox : RHP Bob Bastian
|
|
Batting: LHB Victor Gavidia
|
0-0: Ball 1-0: Called Strike 1-1: Fly out, F9 (Line Drive, 9, EV 97.5 MPH)
|
|
Batting: RHB Brian Greer
|
0-0: Fly out, F8 (Flyball, 8RXD, EV 102.5 MPH)
|
|
Batting: LHB Ricky Nelson
|
0-0: Foul Ball, location: 2F 0-1: SINGLE (Flyball, 6D, EV 85.0 MPH)
|
|
Batting: LHB David Lanning
|
0-0: Ball 1-0: Fly out, F7 (Line Drive, 7, EV 86.9 MPH)
|
| Top of the 9th over - 0 runs, 1 hit, 0 errors, 1 left on base; Stockton 6 - Reno 3 |
| BOTTOM OF THE 9TH |
|
Reno Silver Sox batting - Pitching for Stockton Mariners : LHP Robert Alsup
|
|
Now at 2B: Paul Plinski
|
|
|
Now in RF: Marty Pevey
|
|
|
Batting: RHB Rod Hobbs
|
0-0: Swinging Strike 0-1: Swinging Strike 0-2: Ball 1-2: Fly out, F7 (Line Drive, 7, EV 96.9 MPH)
|
|
Batting: LHB Victor Diaz
|
0-0: Called Strike 0-1: Ball 1-1: Foul Ball, location: 2F 1-2: Fly out, F5 (Popup, 15, EV 83.8 MPH)
|
|
Batting: LHB Mike Hocutt
|
0-0: Called Strike 0-1: Called Strike 0-2: Ball 1-2: Ground out U3 (Groundball, 34, EV 87.5 MPH)
|
| Bottom of the 9th over - 0 runs, 0 hits, 0 errors, 0 left on base; Stockton 6 - Reno 3 |
|